[Event "Titled Tuesday Blitz April 19 Late 2022"]
[White "Lopez Del Alamo, Antonio"]
[Black "Bachmann, Axel"]
[WhiteFideId "2227339"]
[BlackFideId "3700488"]
[WhiteElo "2082"]
[BlackElo "2587"]
[Result "1-0"]
[Round "02"]
[TimeControl "180+1"]
[Date "2022.04.19"]
[WhiteClock "0:00:10"]
[BlackClock "0:00:11"]

1. e4 c5 2. Nf3 d6 3. d4 cxd4 4. Nxd4 Nf6 5. Nc3 a6 6. Be2 e5 7. Nb3 Be7 8. Be3 Be6 9. Nd5 Nbd7 10. Qd3 Rc8 11. c4 Bxd5 12. exd5 O-O 13. O-O Ne8 14. Rac1 a5 15. Na1 f5 16. f4 exf4 17. Bxf4 Bg5 18. Bxg5 Qxg5 19. Nb3 b6 20. Nd4 Nc5 21. Qf3 g6 22. Rcd1 Qf6 23. b3 Rf7 24. Rfe1 Re7 25. Nb5 Re5 26. Bf1 Nc7 27. Na7 Rce8 28. Rxe5 Rxe5 29. Nc6 Re4 30. Bd3 Re8 31. Bb1 Kf7 32. a3 b5 33. b4 axb4 34. axb4 Ne4 35. c5 dxc5 36. bxc5 Nxd5 37. Ba2 Nc3 38. Bxd5+ Nxd5 39. Qxd5+ Kg7 40. Qd4 Rf8 41. Qxf6+ Rxf6 42. Nd4 b4 43. c6 Rf7 44. Ne6+ Kf6 45. c7 Kxe6 46. c8=Q+ Kf6 47. Rd7 Rxd7 48. Qxd7 Ke5 49. Qd2 b3 50. Qb2+ Ke4 51. Kf1 Kf4 52. Qxb3 Kg5 53. Qg3+ Kf6 54. Kf2 h6 55. h4 g5 56. Qd6+ Kg7 57. h5 Kf7 58. Qxh6 Ke7 59. Qg6 g4 60. h6 f4 61. h7 g3+ 62. Kf3 Kd7 63. h8=Q Ke7 64. Qhh7+ Kd8 65. Qgg8# 1-0


[Site "https://www.chess.com"]

[Event "Titled Tuesday Blitz April 19 Late 2022"]
[White "Marin Masis, Jose Esteban"]
[Black "Ozdemir, Serhan Berat"]
[WhiteFideId "6508146"]
[BlackFideId "6374611"]
[WhiteElo "1710"]
[BlackElo "1920"]
[Result "1/2-1/2"]
[Round "02"]
[TimeControl "180+1"]
[Date "2022.04.19"]
[WhiteClock "0:00:11"]
[BlackClock "0:00:02"]

1. e4 c5 2. Nf3 e6 3. d4 cxd4 4. Nxd4 a6 5. c4 Nf6 6. Nc3 Qc7 7. Bd3 b6 8. O-O Bb7 9. b3 d6 10. Ba3 Nbd7 11. Re1 Be7 12. Rc1 O-O 13. f4 Rfe8 14. f5 e5 15. Nc2 Nc5 16. Nb4 Qd8 17. Bb1 Rc8 18. Nbd5 Nxd5 19. Nxd5 Bg5 20. Qg4 b5 21. cxb5 axb5 22. Kh1 Kh8 23. g3 Bxc1 24. Bxc1 Qa5 25. Rd1 Bxd5 26. exd5 Nd7 27. Bg5 f6 28. Bh4 Nf8 29. Qh5 Re7 30. g4 Rec7 31. g5 Rc1 32. gxf6 Rxd1+ 33. Qxd1 Qc3 34. fxg7+ Kxg7 35. Qg4+ Kf7 36. Qh5+ Kg8 37. Qg5+ Kf7 38. Qe7+ Kg8 39. Qg5+ Kf7 40. Qh5+ Kg8 41. Qg5+ 1/2-1/2


[Site "https://www.chess.com"]

[Event "Titled Tuesday Blitz April 19 Late 2022"]
[White "Martic, Ivan"]
[Black "Urazayev, Arystanbek"]
[WhiteFideId "929301"]
[BlackFideId "13709810"]
[WhiteElo "2317"]
[BlackElo "2422"]
[Result "1-0"]
[Round "02"]
[TimeControl "180+1"]
[Date "2022.04.19"]
[WhiteClock "0:00:19"]
[BlackClock "0:00:10"]

1. e4 c5 2. Nf3 d6 3. d4 cxd4 4. Nxd4 Nf6 5. f3 e5 6. Nb3 a5 7. Be3 a4 8. Nc1 d5 9. Bg5 Qb6 10. Nc3 d4 11. Nb5 Bd7 12. Qd3 Ra5 13. Bxf6 Bxb5 14. c4 dxc3 15. Qxc3 gxf6 16. Qc8+ Qd8 17. Bxb5+ Rxb5 18. Qc4 Rxb2 19. Nd3 Rxg2 20. Rd1 Rhg8 21. Kf1 Nd7 22. Qxa4 Qc8 23. Rc1 Qb8 24. Ne1 Rd2 25. Qa5 Rd4 26. Nc2 Rd6 27. Ne3 Qd8 28. Qa4 Bh6 29. Nf5 Ra6 30. Qb4 Bxc1 31. Kf2 Bf4 32. Rd1 Rxa2+ 33. Kf1 Qc7 34. Qe7# 1-0


[Site "https://www.chess.com"]

[Event "Titled Tuesday Blitz April 19 Late 2022"]
[White "Martinez Reyes, Pedro Ramon"]
[Black "Zhou, Qiyu"]
[WhiteFideId "3901807"]
[BlackFideId "505161"]
[WhiteElo "2410"]
[BlackElo "1925"]
[Result "1-0"]
[Round "02"]
[TimeControl "180+1"]
[Date "2022.04.19"]
[WhiteClock "0:02:16"]
[BlackClock "0:02:09"]

1. g4 d5 2. Bg2 Bxg4 3. c4 c6 4. cxd5 cxd5 5. Nc3 Be6 6. Nh3 Bxh3 7. Bxh3 Nf6 8. Qb3 e6 9. Qxb7 Nbd7 10. d4 Bd6 11. Qc6 Qc7 12. Qxa8+ Nb8 13. Bd2 Nd7 14. Nb5 Qb6 15. Qb7 1-0


[Site "https://www.chess.com"]

[Event "Titled Tuesday Blitz April 19 Late 2022"]
[White "Mekhitarian, Krikor Sevag"]
[Black "Gomez Dieguez, David"]
[WhiteFideId "2107660"]
[BlackFideId "22223630"]
[WhiteElo "2598"]
[BlackElo "2115"]
[Result "1-0"]
[Round "02"]
[TimeControl "180+1"]
[Date "2022.04.19"]
[WhiteClock "0:02:12"]
[BlackClock "0:00:06"]

1. Nf3 d5 2. c4 d4 3. b4 f6 4. e3 e5 5. c5 a5 6. Qa4+ Bd7 7. b5 Bxc5 8. Bc4 Na6 9. Bxg8 Rxg8 10. Qc4 Rf8 11. bxa6 Rxa6 12. Qxc5 Kf7 13. Qd5+ Be6 14. Qxd8 Kg8 15. Qe7 Rd8 16. Qxd8+ Kf7 17. Qxc7+ Ke8 18. Qxb7 Kd8 19. Qxa6 Kc7 20. Qxe6 Kd8 21. Ba3 Kc7 22. Bd6+ Kd8 23. Na3 a4 24. Qe7+ Kc8 25. Qc7# 1-0


[Site "https://www.chess.com"]

[Event "Titled Tuesday Blitz April 19 Late 2022"]
[White "Mikhalsky, Vladimir"]
[Black "Necula, Iulian"]
[WhiteFideId "14144352"]
[BlackFideId "1232380"]
[WhiteElo "2301"]
[BlackElo "1776"]
[Result "0-1"]
[Round "02"]
[TimeControl "180+1"]
[Date "2022.04.19"]
[WhiteClock "0:00:04"]
[BlackClock "0:00:01"]

1. c4 g6 2. d4 d6 3. e4 Bg7 4. Nc3 Nf6 5. f3 O-O 6. Be3 c5 7. Nge2 cxd4 8. Nxd4 Nc6 9. Qd2 Nxd4 10. Bxd4 a6 11. Be2 Rb8 12. a4 Nd7 13. a5 Ne5 14. Nd5 e6 15. Nb6 Bd7 16. c5 Bb5 17. Bxb5 axb5 18. Qc3 Qh4+ 19. g3 Qh5 20. g4 Qh4+ 21. Ke2 Rfd8 22. cxd6 Nc4 23. Bxg7 Nxb6 24. axb6 Rbc8 25. Qf6 Rc2+ 26. Kd3 Qf2 27. Qxd8+ Kxg7 28. Rhd1 Qe2+ 29. Kd4 Qc4+ 30. Ke3 Re2+ 31. Kf4 e5+ 32. Kg3 Qc2 33. Rg1 Rxh2 34. Raf1 h5 35. gxh5 Rxh5 36. Qe7 Qh2+ 37. Kg4 Qh3# 0-1


[Site "https://www.chess.com"]

[Event "Titled Tuesday Blitz April 19 Late 2022"]
[White "Mirza, Diana"]
[Black "Karwowski, Kacper"]
[WhiteFideId "2503999"]
[BlackFideId "1126032"]
[WhiteElo "1813"]
[BlackElo "2261"]
[Result "1-0"]
[Round "02"]
[TimeControl "180+1"]
[Date "2022.04.19"]
[WhiteClock "0:00:22"]
[BlackClock "0:00:02"]

1. b4 d5 2. Bb2 Nf6 3. e3 Bf5 4. c4 e6 5. c5 Nbd7 6. Nf3 Be7 7. Be2 h6 8. O-O O-O 9. d4 Ne4 10. Nbd2 Ndf6 11. Ne5 Nxd2 12. Qxd2 Ne4 13. Qd1 f6 14. Nd3 Qe8 15. f3 Ng5 16. h4 Nf7 17. g4 Bh7 18. Nf4 Qd7 19. Bd3 f5 20. Qc2 Bxh4 21. Kg2 Bg5 22. Rae1 c6 23. Rh1 Rae8 24. Nh3 Bd8 25. Rh2 Bc7 26. f4 g5 27. Reh1 gxf4 28. Nxf4 Bxf4 29. exf4 Re7 30. g5 Nh8 31. Rxh6 Rg7 32. Kf3 Bg6 33. Rxh8+ 1-0


[Site "https://www.chess.com"]

[Event "Titled Tuesday Blitz April 19 Late 2022"]
[White "Mohammadian, Mohammad"]
[Black "Ivanisevic, Ivan"]
[WhiteFideId "12566055"]
[BlackFideId "912417"]
[WhiteElo "1544"]
[BlackElo "2495"]
[Result "0-1"]
[Round "02"]
[TimeControl "180+1"]
[Date "2022.04.19"]
[WhiteClock "0:00:23"]
[BlackClock "0:00:46"]

1. e4 e5 2. Nf3 Nc6 3. Bb5 a6 4. Ba4 Nf6 5. O-O Be7 6. Re1 b5 7. Bb3 O-O 8. a4 Na5 9. Nc3 Nxb3 10. cxb3 b4 11. Nd5 Nxd5 12. exd5 Bb7 13. Nxe5 Bxd5 14. d4 Re8 15. Nc4 Bf6 16. Be3 Re6 17. Qd2 a5 18. Rac1 d6 19. Bf4 h6 20. Rxe6 fxe6 21. Re1 Qd7 22. Bg3 Bg5 23. Bf4 Bf6 24. Bg3 Qf7 25. Qe2 Bxd4 26. Qd3 e5 27. Re2 Bc5 28. Qc2 Bd4 29. Qd2 Bb7 30. h3 Qd5 0-1


[Site "https://www.chess.com"]

[Event "Titled Tuesday Blitz April 19 Late 2022"]
[White "Moskalenko, Alexander"]
[Black "Rosen, Eric"]
[WhiteFideId "4155351"]
[BlackFideId "2032562"]
[WhiteElo "2434"]
[BlackElo "2362"]
[Result "1/2-1/2"]
[Round "02"]
[TimeControl "180+1"]
[Date "2022.04.19"]
[WhiteClock "0:00:12"]
[BlackClock "0:00:04"]

1. Nf3 Nf6 2. c4 e6 3. Nc3 Bb4 4. Qc2 Nc6 5. a3 Bxc3 6. Qxc3 O-O 7. b4 d6 8. g3 e5 9. d3 e4 10. dxe4 Nxe4 11. Qc2 Bf5 12. Nh4 Nd4 13. Qd3 Qf6 14. Nxf5 Nxf5 15. Rb1 Rfe8 16. Bb2 Qe6 17. Bg2 a5 18. O-O axb4 19. axb4 Ra2 20. f3 Nf6 21. e4 Ne7 22. Qc3 Rea8 23. f4 c5 24. bxc5 dxc5 25. e5 Ng4 26. f5 Qh6 27. h4 Qe3+ 28. Qxe3 Nxe3 29. Rf2 N7xf5 30. Bxb7 Rb8 31. Bd5 g6 32. e6 fxe6 33. Bxe6+ Kf8 34. Bxf5 gxf5 35. Re1 Rbxb2 36. Rxb2 Rxb2 37. Rxe3 Rc2 38. Re5 Rxc4 39. Rxf5+ Kg7 40. Kg2 Rc3 41. Kh3 Rc1 42. Kg4 c4 43. Rc5 c3 44. Kh5 Rf1 45. Rc7+ Rf7 46. Rxc3 Rf5+ 47. Kg4 Rf7 48. Kg5 Rb7 49. Rc5 Rd7 50. g4 Re7 51. Rd5 Rf7 52. Rd6 Re7 53. Kh5 Re5+ 54. g5 Re7 55. Ra6 Rb7 56. Ra5 Rc7 57. Re5 Ra7 58. Rf5 Rd7 59. Kg4 Rc7 60. h5 Rc4+ 61. Rf4 Rc7 62. h6+ Kg8 63. Rd4 Rc8 64. Kh5 Kh8 65. Rd7 Re8 66. Kg4 Rf8 67. Re7 Rd8 68. Kf5 Rf8+ 69. Ke6 Rg8 70. Kf6 Rf8+ 71. Ke6 Rg8 72. Kf5 Rf8+ 73. Kg4 Rg8 74. Rf7 Re8 75. Kh5 Rg8 76. Re7 Rf8 77. Re5 Rd8 78. Kg4 Rf8 79. Rf5 Re8 80. Kf4 Rd8 81. Re5 Rf8+ 82. Ke4 Rg8 83. Kd5 Rd8+ 84. Kc6 Rf8 85. Kd7 Ra8 86. Ke7 Ra7+ 87. Kf8 Rf7+ 88. Ke8 Rf8+ 89. Ke7 Rf7+ 90. Ke6 Rf8 91. Rd5 Re8+ 92. Kf7 Rf8+ 93. Ke7 Rf7+ 94. Ke6 Rf8 95. Rd7 Rg8 96. Kf7 Rf8+ 97. Ke7 Rf7+ 98. Ke6 Rf8 99. Re7 1/2-1/2


[Site "https://www.chess.com"]

[Event "Titled Tuesday Blitz April 19 Late 2022"]
[White "Musovic, Armin"]
[Black "Fernandez Hernandez, Gerardo"]
[WhiteFideId "939935"]
[BlackFideId "2207400"]
[WhiteElo "2255"]
[BlackElo "2130"]
[Result "0-1"]
[Round "02"]
[TimeControl "180+1"]
[Date "2022.04.19"]
[WhiteClock "0:00:31"]
[BlackClock "0:00:07"]

1. a3 e5 2. Nc3 d6 3. d4 Nd7 4. dxe5 dxe5 5. Qd5 Ngf6 6. Qa2 Be7 7. Bg5 h6 8. Bh4 c6 9. O-O-O Qc7 10. Nf3 b5 11. h3 a5 12. e4 Nc5 13. Bg3 Be6 14. Bxe5 Qb7 15. Qb1 b4 16. Ne2 Ncxe4 17. Ned4 bxa3 18. Nxe6 axb2+ 19. Bxb2 fxe6 20. Bd3 Rb8 21. Qa2 Nxf2 22. Bg6+ Kf8 23. Qxe6 Qxb2+ 24. Kd2 Bb4+ 25. Ke2 Re8 26. Bxe8 Qxc2+ 27. Rd2 Qe4+ 28. Qxe4 N2xe4 29. Bxc6 Nxd2 30. Nxd2 Bxd2 31. Kxd2 Ke7 32. Ba4 Rd8+ 33. Kc2 Rd4 34. Ra1 Kd6 35. Bb3 Rf4 36. Rxa5 Rf2+ 37. Kc3 Rxg2 38. Ra6+ Ke5 39. Re6+ Kf4 40. h4 Rg3+ 41. Kb4 Rg4 42. Bd1 Rxh4 43. Kc5 Kg5 44. Re5+ Kg6 45. Kd6 Rf4 46. Bc2+ Kf7 47. Re7+ Kf8 48. Bg6 Rd4+ 49. Kc6 Rc4+ 50. Kb6 Rb4+ 51. Ka5 Rb2 52. Ka4 Ra2+ 53. Kb3 Kxe7 54. Kxa2 Kd6 55. Kb3 Ke5 56. Kc3 Kf4 57. Kd4 Kg5 58. Bf7 h5 59. Ke3 h4 60. Kf3 g6 61. Kg2 Kh6 62. Kh3 g5 63. Be6 Kg7 64. Bf5 Kf8 65. Be6 Ke7 66. Bf5 Kd6 67. Bc8 Ke5 68. Bb7 Kf4 69. Bc8 Ne4 70. Bb7 Nf2+ 71. Kg2 Nd3 72. Bc8 g4 73. Kh2 g3+ 74. Kh3 Nf2+ 75. Kg2 Nd3 76. Bb7 Ne1+ 77. Kh3 Nf3 78. Kg2 Ng5 79. Bc8 h3+ 80. Kg1 Kf3 81. Bb7+ Ke3 82. Bc8 Nf3+ 83. Kf1 g2# 0-1


[Site "https://www.chess.com"]

[Event "Titled Tuesday Blitz April 19 Late 2022"]
[White "Nakamura, Hikaru"]
[Black "Jaracz, Pawel"]
[WhiteFideId "2016192"]
[BlackFideId "1102222"]
[WhiteElo "2850"]
[BlackElo "2429"]
[Result "1-0"]
[Round "02"]
[TimeControl "180+1"]
[Date "2022.04.19"]
[WhiteClock "0:02:02"]
[BlackClock "0:00:44"]

1. Nf3 d5 2. b3 Bg4 3. e3 e6 4. Bb2 Nf6 5. h3 Bh5 6. d3 c5 7. g4 Bg6 8. Nh4 Nfd7 9. Nxg6 hxg6 10. Nd2 Nc6 11. Bg2 g5 12. c4 d4 13. Qe2 Qc7 14. O-O-O Be7 15. Bxc6 bxc6 16. exd4 cxd4 17. Bxd4 Bf6 18. Bxf6 gxf6 19. d4 a5 20. a3 Rb8 21. Kb2 Kf8 22. c5 e5 23. Ne4 Kg7 24. Nd6 exd4 25. Nf5+ Kg8 26. Qc4 Rb5 27. Qxd4 Nxc5 28. Qxf6 Rxb3+ 29. Kc2 Ne6 30. Ne7+ 1-0


[Site "https://www.chess.com"]

[Event "Titled Tuesday Blitz April 19 Late 2022"]
[White "Nasuta, Grzegorz"]
[Black "Paravyan, David"]
[WhiteFideId "1141686"]
[BlackFideId "4194985"]
[WhiteElo "2396"]
[BlackElo "2569"]
[Result "0-1"]
[Round "02"]
[TimeControl "180+1"]
[Date "2022.04.19"]
[WhiteClock "0:00:14"]
[BlackClock "0:00:19"]

1. d4 Nf6 2. Nf3 g6 3. Bf4 Bg7 4. h3 c5 5. c3 cxd4 6. cxd4 O-O 7. e3 d6 8. Be2 Nc6 9. O-O Nd5 10. Bh2 e5 11. Nc3 Be6 12. Qa4 exd4 13. exd4 Qd7 14. Qa3 Nxd4 15. Nxd4 Bxd4 16. Nxd5 Bxd5 17. Qd3 Bxb2 18. Qxd5 Bxa1 19. Rxa1 Qe7 20. Bf3 Rfe8 21. Bg3 Qf6 22. Rd1 b6 23. Qb3 Rad8 24. Bd5 Re7 25. Qc4 Rde8 26. Kh2 h5 27. Bf3 Re1 28. Rxe1 Rxe1 29. Qd5 Qa1 30. Bxd6 Rh1+ 31. Kg3 Qf6 32. Qe5 Qxe5+ 33. Bxe5 Rc1 34. Bd6 Rc2 35. a3 a5 36. Kf4 b5 37. Ke4 b4 38. axb4 axb4 39. Kd4 b3 40. Be4 Rxf2 41. Kc3 b2 42. Ba3 Re2 43. Bd3 Rxg2 44. Bxb2 Rg3 45. Kd4 Rxh3 46. Bc1 Rg3 47. Be3 h4 48. Ke4 h3 49. Bf4 h2 50. Bxg3 h1=Q+ 51. Ke3 Qg2 52. Bf4 Qh3+ 53. Ke2 Qe6+ 54. Be3 Qe5 55. Kd2 Qb2+ 56. Ke1 Qc3+ 57. Ke2 Qb3 58. Bd2 Qe6+ 59. Be3 Qd6 60. Kd2 Qd8 61. Ke2 Kh7 62. Kd2 Qe8 63. Ke2 f5 64. Kd2 Qe7 65. Bd4 Qd6 66. Be3 Qe5 67. Bf2 Qf4+ 68. Ke2 Qg4+ 69. Kd2 Kg7 70. Be3 Qb4+ 71. Ke2 Kf6 72. Bd2 Qb2 73. Ke3 g5 74. Ke2 Qe5+ 75. Kd1 Qd4 76. Kc2 Qc5+ 77. Kd1 Kg6 78. Ke2 Qd5 79. Be3 g4 80. Bd2 Qe5+ 81. Kf2 Qd4+ 82. Ke2 Qg1 83. Be3 Qg2+ 84. Ke1 Qf3 85. Kd2 g3 86. Be2 Qd5+ 87. Ke1 Qe4 88. Kd2 g2 89. Bd3 Qxe3+ 90. Kxe3 g1=Q+ 0-1


[Site "https://www.chess.com"]

[Event "Titled Tuesday Blitz April 19 Late 2022"]
[White "Nathan, Nitish"]
[Black "Bilych, Olexiy"]
[WhiteFideId "30927870"]
[BlackFideId "14156504"]
[WhiteElo "2265"]
[BlackElo "2176"]
[Result "0-1"]
[Round "02"]
[TimeControl "180+1"]
[Date "2022.04.19"]
[WhiteClock "0:00:54"]
[BlackClock "0:01:22"]

1. d4 Nf6 2. Bf4 d5 3. e3 c5 4. c3 Nc6 5. Nd2 Bf5 6. Qb3 Qd7 7. Ngf3 c4 8. Qd1 e6 9. Be2 Bd6 10. Ne5 Qc7 11. Ndf3 Nh5 12. Nxc6 Nxf4 13. exf4 bxc6 14. g3 h6 15. O-O O-O 16. Nd2 Rab8 17. b3 cxb3 18. axb3 c5 19. Nf3 Bh7 20. Bd3 Bxd3 21. Qxd3 Rxb3 22. Qa6 Rxc3 23. dxc5 Bxc5 24. Ne5 Bb6 25. Qe2 Rc2 26. Qg4 Qc5 27. Nd7 Qd4 28. Nxf8 Rxf2 29. Rad1 Rxf1+ 30. Kxf1 Qf2# 0-1


[Site "https://www.chess.com"]

[Event "Titled Tuesday Blitz April 19 Late 2022"]
[White "Nazaretyan, Tigran"]
[Black "Yoo, Christopher Woojin"]
[WhiteFideId "24162345"]
[BlackFideId "30909694"]
[WhiteElo "2225"]
[BlackElo "2105"]
[Result "1-0"]
[Round "02"]
[TimeControl "180+1"]
[Date "2022.04.19"]
[WhiteClock "0:00:56"]
[BlackClock "0:00:03"]

1. d4 Nf6 2. c4 g6 3. Nc3 Bg7 4. e4 d6 5. Nf3 O-O 6. Be2 e5 7. O-O h6 8. dxe5 dxe5 9. Be3 Nc6 10. Qc1 Ng4 11. Bc5 Re8 12. Rd1 Nd4 13. h3 Nf6 14. Nxd4 exd4 15. Bxd4 Qe7 16. e5 Nd7 17. Nd5 Qd8 18. f4 c6 19. Nc3 Qc7 20. Ne4 Nf8 21. Bg4 Bxg4 22. hxg4 Ne6 23. Be3 g5 24. Nd6 Red8 25. g3 gxf4 26. gxf4 Bf8 27. c5 b6 28. b4 bxc5 29. bxc5 Qe7 30. Nf5 Qc7 31. Rd6 Rab8 32. Qd2 Bxd6 33. cxd6 Qd7 34. Nxh6+ Kh7 35. f5 Nf8 36. Qh2 Kg7 37. f6+ Kh8 38. Qh5 Nh7 39. Nxf7+ Kg8 40. Qg6+ Kf8 41. Bh6+ Ke8 42. Nh8+ 1-0


[Site "https://www.chess.com"]

[Event "Titled Tuesday Blitz April 19 Late 2022"]
[White "Novikova, Galina"]
[Black "Mikhailov, Viacheslav"]
[WhiteFideId "4157095"]
[BlackFideId "4187369"]
[WhiteElo "1863"]
[BlackElo "2381"]
[Result "0-1"]
[Round "02"]
[TimeControl "180+1"]
[Date "2022.04.19"]
[WhiteClock "0:00:03"]
[BlackClock "0:00:22"]

1. e4 d6 2. d4 Nf6 3. Nc3 g6 4. f3 Bg7 5. Be3 O-O 6. Qd2 e5 7. O-O-O exd4 8. Bxd4 Nc6 9. Be3 a6 10. Bh6 Be6 11. g4 b5 12. h4 b4 13. Nd5 Bxd5 14. exd5 Ne7 15. Bc4 Re8 16. Bxg7 Kxg7 17. h5 Neg8 18. hxg6 hxg6 19. Qh2 Nd7 20. Kb1 Qf6 21. Nh3 Ne5 22. Be2 Kf8 23. f4 Nd7 24. Ng5 Ke7 25. Ne4 Qg7 26. Qh4+ Ngf6 27. Bf3 Rh8 28. Qe1 Rxh1 29. Bxh1 Kf8 30. Qxb4 Rb8 31. Qd4 Nxg4 32. Qxg7+ Kxg7 33. Bf3 Ne3 34. Rd3 Nc4 35. Rb3 Rh8 36. a3 f5 37. Ng5 Nd2+ 38. Ka2 Nxb3 39. cxb3 Kf6 40. Ne6 c5 41. Nc7 Rh4 42. Nxa6 Rxf4 43. Be2 Rf2 44. Bb5 Ne5 45. a4 g5 46. Nc7 c4 47. a5 c3 48. a6 c2 49. a7 c1=Q 50. Ne8+ Ke7 0-1


[Site "https://www.chess.com"]

[Event "Titled Tuesday Blitz April 19 Late 2022"]
[White "Omariev, Maksim"]
[Black "Gatterer, Florian"]
[WhiteFideId "4193423"]
[BlackFideId "811688"]
[WhiteElo "2505"]
[BlackElo "2218"]
[Result "1-0"]
[Round "02"]
[TimeControl "180+1"]
[Date "2022.04.19"]
[WhiteClock "0:00:03"]
[BlackClock "0:00:01"]

1. g4 d6 2. Bg2 c6 3. h3 e5 4. c3 Be6 5. d4 Nd7 6. Nf3 e4 7. Ng5 d5 8. Qb3 Qb6 9. Bf4 h6 10. Nxe6 fxe6 11. Nd2 Ngf6 12. f3 exf3 13. Bxf3 Be7 14. Bg3 Qxb3 15. axb3 a6 16. e4 dxe4 17. Nxe4 Nxe4 18. Bxe4 O-O 19. Kd2 Bg5+ 20. Kc2 Bf4 21. Bf2 Nf6 22. Bd3 Nd5 23. Rae1 Rae8 24. Bg6 Re7 25. c4 Nb4+ 26. Kc3 Bd2+ 27. Kxd2 Rxf2+ 28. Re2 Rxe2+ 29. Kxe2 e5 30. Ke3 exd4+ 31. Kxd4 b6 32. c5 Rd7+ 33. Kc4 bxc5 34. Kxc5 Nd3+ 35. Kb6 Ne5 36. Bf5 Rd2 37. Re1 Nd7+ 38. Kxc6 Nf6 39. Bg6 Rxb2 40. Re7 Rxb3 41. Ra7 Rb8 42. Rxa6 Rc8+ 43. Kd6 Rd8+ 44. Ke7 Rd7+ 45. Ke6 Rd8 46. Ra7 Rb8 47. Bf5 Kh8 48. h4 Kg8 49. g5 hxg5 50. hxg5 Nh7 51. g6 Nf6 52. Bd3 Kh8 53. Kf7 Rd8 54. Bf5 Rb8 55. Be6 Rd8 56. Ke7 Rb8 57. Bf7 Rc8 58. Ra1 Rb8 59. Rh1+ Nh7 60. Rxh7# 1-0


[Site "https://www.chess.com"]

[Event "Titled Tuesday Blitz April 19 Late 2022"]
[White "Ostrovskiy, Aleksandr"]
[Black "Ezat, Mohamed"]
[WhiteFideId "2034239"]
[BlackFideId "10600906"]
[WhiteElo "2340"]
[BlackElo "2386"]
[Result "0-1"]
[Round "02"]
[TimeControl "180+1"]
[Date "2022.04.19"]
[WhiteClock "0:00:03"]
[BlackClock "0:00:22"]

1. d4 Nf6 2. Bf4 d5 3. e3 c5 4. c3 Nc6 5. Nd2 cxd4 6. exd4 Bg4 7. Qb3 Qc8 8. Ngf3 e6 9. Bd3 Be7 10. O-O O-O 11. Rae1 Bh5 12. Ne5 Nxe5 13. dxe5 Nd7 14. Qc2 Bg6 15. Bxg6 fxg6 16. Bg3 Nc5 17. Nf3 Ne4 18. Nd4 Bc5 19. Nf3 Qc6 20. Qd1 Rf5 21. Re2 Raf8 22. Nd4 Bxd4 23. Qxd4 Nxg3 24. hxg3 Qa6 25. Rd2 Qxa2 26. Qb4 Qa6 27. Rdd1 Rxe5 28. Ra1 Qb6 29. Qxb6 axb6 30. Ra7 Re2 31. Rxb7 Rxb2 32. Ra1 Rbxf2 33. Rxb6 R2f6 34. Re1 Re8 35. g4 g5 36. Rc6 h6 37. Kh2 Rf4 38. Kh3 e5 39. Rc5 Re4 40. Rxe4 dxe4 41. Rc4 Kf7 42. Rxe4 Ke6 43. Ra4 Kd5 44. Kg3 Rf8 45. Ra7 e4 46. Rxg7 Kc4 47. Rd7 Kxc3 48. Rd6 e3 49. Rxh6 e2 50. Re6 Kd2 51. Rd6+ Ke1 52. Rd5 Kf1 0-1


[Site "https://www.chess.com"]

[Event "Titled Tuesday Blitz April 19 Late 2022"]
[White "Palacio,Igor Da Paz"]
[Black "Al-Tarboush, Ward"]
[WhiteFideId "2121140"]
[BlackFideId "7601450"]
[WhiteElo "2144"]
[BlackElo "2276"]
[Result "0-1"]
[Round "02"]
[TimeControl "180+1"]
[Date "2022.04.19"]
[WhiteClock "0:00:02"]
[BlackClock "0:02:13"]

1. e4 e5 2. Nf3 Nf6 3. Nc3 Nc6 4. Bb5 Bd6 5. d3 O-O 6. O-O a6 7. Ba4 Nd4 8. Nxd4 exd4 9. Ne2 c5 10. f4 Bc7 11. Bb3 d5 12. e5 Ng4 13. h3 Ne3 14. Bxe3 dxe3 15. d4 c4 16. Qc1 cxb3 17. axb3 Bf5 18. c3 f6 19. Qxe3 fxe5 20. fxe5 Qh4 21. Nf4 Rae8 22. Nxd5 Bd8 23. Rf4 Qh6 24. Qf2 Be6 25. c4 Bxd5 26. Rxf8+ Rxf8 27. Qe2 Be6 28. d5 Bxh3 29. gxh3 Qxh3 30. Qg2 Qe3+ 31. Kh2 Rf2 32. Rg1 Qf4+ 33. Kh1 Qh4+ 0-1


[Site "https://www.chess.com"]

[Event "Titled Tuesday Blitz April 19 Late 2022"]
[White "Petesch, Gabriel"]
[Black "Mitra, Roman C"]
[WhiteFideId "2032465"]
[BlackFideId "419540"]
[WhiteElo "2374"]
[BlackElo "2174"]
[Result "0-1"]
[Round "02"]
[TimeControl "180+1"]
[Date "2022.04.19"]
[WhiteClock "0:00:05"]
[BlackClock "0:01:41"]

1. Nf3 Nf6 2. c4 b6 3. Nc3 Bb7 4. b3 g6 5. Bb2 Bg7 6. e3 c5 7. Be2 O-O 8. O-O d5 9. cxd5 Nxd5 10. d4 Nxc3 11. Bxc3 Nc6 12. Rc1 cxd4 13. Nxd4 Nxd4 14. exd4 Rc8 15. Qd2 e6 16. Bb4 Re8 17. Rxc8 Qxc8 18. Bb5 Rd8 19. Rc1 Qa8 20. Qg5 Rxd4 21. Bc4 b5 22. Qxb5 Bxg2 23. Qg5 Bh1 24. Ba6 Bh6 25. Rc8+ Qxc8 26. Bxc8 0-1


[Site "https://www.chess.com"]

[Event "Titled Tuesday Blitz April 19 Late 2022"]
[White "Petrovic, Aleksa"]
[Black "Maranhao,Jose Renato Ruiz"]
[WhiteFideId "967629"]
[BlackFideId "2135175"]
[WhiteElo "2198"]
[BlackElo "1970"]
[Result "1-0"]
[Round "02"]
[TimeControl "180+1"]
[Date "2022.04.19"]
[WhiteClock "0:02:19"]
[BlackClock "0:00:16"]

1. d4 d5 2. c4 c6 3. Nf3 Nf6 4. Nc3 e6 5. e3 Nbd7 6. Qc2 Bd6 7. Bd3 dxc4 8. Bxc4 b5 9. Bd3 Bb7 10. O-O O-O 11. Ng5 h6 12. Nge4 Nxe4 13. Bxe4 Nf6 14. Nxb5 Nxe4 15. Qxe4 Ba6 16. Qxc6 Qb6 17. Qxb6 axb6 18. Nxd6 Bxf1 19. Kxf1 Rfd8 20. Ne4 b5 21. Bd2 1-0


[Site "https://www.chess.com"]

[Event "Titled Tuesday Blitz April 19 Late 2022"]
[White "Piliczewski, Bogusz"]
[Black "Ferreira, Vitor Hugo Vieira"]
[WhiteFideId "1104144"]
[BlackFideId "2119765"]
[WhiteElo "1896"]
[BlackElo "2165"]
[Result "0-1"]
[Round "02"]
[TimeControl "180+1"]
[Date "2022.04.19"]
[WhiteClock "0:00:02"]
[BlackClock "0:01:50"]

1. d4 Nf6 2. Nf3 g6 3. Bf4 Bg7 4. e3 O-O 5. Be2 d6 6. h3 Nfd7 7. O-O e5 8. Bh2 Nc6 9. c4 Kh8 10. Nc3 f5 11. dxe5 dxe5 12. Qd2 g5 13. Rfd1 f4 14. Ne4 h6 15. b4 Qe8 16. b5 Ne7 17. Qc2 Nf5 18. exf4 exf4 19. Bd3 Bxa1 20. Rxa1 Ne5 21. Re1 Nxf3+ 22. gxf3 Qf7 23. c5 Qg7 24. c6 b6 25. Nc3 Nd4 26. Qd1 Bxh3 27. Re4 Rae8 28. Bf1 Bxf1 29. Kxf1 Rxe4 30. Nxe4 Nxb5 31. Qd7 Qxd7 32. cxd7 Rd8 33. Nf6 Kg7 34. Nh5+ Kf7 35. Nxf4 gxf4 36. Bxf4 h5 0-1


[Site "https://www.chess.com"]

[Event "Titled Tuesday Blitz April 19 Late 2022"]
[White "Pinheiro, Iung Alicio de O."]
[Black "Hambleton, Aman"]
[WhiteFideId "2104350"]
[BlackFideId "2606577"]
[WhiteElo "2584"]
[BlackElo "2552"]
[Result "1-0"]
[Round "02"]
[TimeControl "180+1"]
[Date "2022.04.19"]
[WhiteClock "0:00:14"]
[BlackClock "0:00:01"]

1. c4 c5 2. g3 e6 3. Nf3 b6 4. Bg2 Bb7 5. O-O Nf6 6. Nc3 a6 7. Re1 d6 8. e4 Be7 9. d4 cxd4 10. Nxd4 Qc7 11. Be3 O-O 12. Rc1 Nbd7 13. b3 Rac8 14. g4 g6 15. g5 Nh5 16. Nde2 f5 17. gxf6 Bxf6 18. Qd2 Ne5 19. h3 Bh4 20. Nd4 Rf6 21. Rf1 Nf7 22. f4 Re8 23. Nde2 Rf8 24. Rcd1 Ba8 25. Na4 b5 26. cxb5 axb5 27. Nac3 Bc6 28. Rc1 Qb7 29. b4 Ng3 30. Nxg3 Bxg3 31. a4 bxa4 32. b5 Bd7 33. Rb1 e5 34. f5 gxf5 35. exf5 Qb8 36. Ne4 Rxf5 37. Nxg3 Rxf1+ 38. Rxf1 Qxb5 39. Nf5 Kh8 40. Nxd6 Nxd6 41. Rxf8+ Kg7 42. Qxd6 Qb1+ 43. Kh2 1-0


[Site "https://www.chess.com"]